 Dungeon Crawl Stone Soup version 0.28-a0-850-g09de17f5b5 (webtiles) character file.

Game seed: 6907605291691099411

2 croobank the Sneak (level 1, -1/16 (18) HPs)
             Began as a Demonspawn Delver on Nov 13, 2021.
             Slain by a hound (2 damage)
             ... on level 3 of the Dungeon.
             The game lasted 00:03:32 (414 turns).

croobank the Sneak (Demonspawn Delver)               Turns: 414, Time: 00:03:32

HP:   -1/16 (18)    AC:  3    Str: 12    XL:     1   Next: 33%
MP:   1/1           EV: 11    Int: 11    God:
Gold: 0             SH:  0    Dex: 14    Spells: 0/0 levels left

rFire   . . .      SeeInvis .   a - +0 hand axe
rCold   . . .      Faith    .   (no shield)
rNeg    . . .      Spirit   .   b - +0 leather armour
rPois   .          Reflect  .   (no helmet)
rElec   .          Harm     .   (no cloak)
rCorr   .          Rampage  .   (no gloves)
Will    .....                   (no boots)
Stlth   +++.......              (no amulet)
HPRegen 0.05/turn               (no ring)
MPRegen 0.07/turn               (no ring)

@: heavily drained
A: no striking features
a: no special abilities


You were on level 3 of the Dungeon.
You visited 1 branch of the dungeon, and saw 3 of its levels.

Inventory:

Hand Weapons
 a - a +0 hand axe (weapon)
Armour
 b - a +0 leather armour (worn)
Scrolls
 c - a scroll of fog
 d - a scroll of magic mapping


   Skills:
 + Level 3.0 Fighting
 + Level 1.7 Axes
 + Level 1.7 Dodging
 + Level 4.6 Stealth


You couldn't memorise any spells.
You didn't know any spells.
Your spell library was empty.

Dungeon Overview and Level Annotations

Branches:
Dungeon (5/15)
 Temple: D:4-7

Altars:
Dithmenos


Message History

The endoplasm barely misses you. The hound bites you.
You open the door. The hound barely misses you.
The hobgoblin barely misses you. The hound bites you but does no damage.
An orc comes into view. It is wielding a +0 dagger.
There is an open door here.
Aiming: Dig
Press: ? - help, Shift-Dir - straight line A rock wall.
The rock shatters into small pieces.
The orc shouts!
The hound barely misses you.
The hobgoblin hits you but does no damage.
An orc comes into view. It is wielding a +0 hand axe.
The hound bites you but does no damage. The hound closely misses you.
The hound bites you.
Aiming: Dig
Press: ? - help, Shift-Dir - straight line A rock wall.
The rock shatters into small pieces.
The now-empty wand crumbles to dust.
The hound bites you. The hound barely misses you.
The hound bites you but does no damage. The hound bites you but does no damage.
The hound closely misses you.
You aren't carrying any items that you can evoke.
You aren't carrying any items that you can evoke.
Unknown command.
You hit the hound.
The hound is lightly wounded.
The hound barely misses you. The hound bites you.
* * * LOW HITPOINT WARNING * * *
You hit the hound but do no damage.
The hound is lightly wounded.
The hound barely misses you. The hound bites you but does no damage.
You completely miss the hound.
The hound is lightly wounded.
The hound barely misses you. The hound bites you.
You die...

##.##
#. #.
#.##
#. ..
##o##
.
##o##
##b##
##g##
##g##
##h##
##@#
###


You could see a hound, 2 orcs, a hobgoblin, a goblin and a bat.

Vanquished Creatures
  A jackal (D:4)
  A bat (D:3)
  A kobold (D:4)
3 creatures vanquished.

Notes
Turn   | Place    | Note
-------+----------+-------------------------------------------
     0 | D:5      | croobank the Demonspawn Delver began the quest for the Orb.
     0 | D:5      | Reached XP level 1. HP: 18/18 MP: 1/1
    47 | D:4      | Found a shadowy altar of Dithmenos.
    52 | D:4      | Noticed a necrophage
   365 | D:3      | Noticed a hound
   414 | D:3      | Slain by a hound

Illustrated notes

Levels and vault maps discovered:
D:3:      minmay_wonky_spiral, layout_loops_ring, kennysheep_vampire_church,
          minivault_26
D:4:      layout_rooms, lemuel_crystal_altar, serial_shops,
          nicolae_shop_statue_plus, minmay_goblin_outpost
D:5:      layout_gridville, overflow_temple_1_default,
          minmay_temple_entry_proselytizer, kennysheep_generic_room_15,
          uniq_eustachio

Action                   || total
-------------------------++-------
Melee: Hand axe          ||    20
Evoke: Wand              ||     3
  Use: Scroll            ||     1
       Potion            ||     1
 Stab: Sleeping          ||     1
Armor: Leather armour    ||    14
Dodge: Dodged            ||    29

Table legend: (Time is in decaauts)
 A = Elapsed time spent in this place.
 B = Non-inter-level travel time spent in this place.
 C = Inter-level travel time spent in this place.
 D = Time resting spent in this place.
 E = Time spent auto-exploring this place.
 F = Levels seen in this place.
 G = Mean time per level.
                   A        B        C        D        E       F      G
               +--------+--------+--------+--------+--------+-----+--------+
         Total |    402 |    402 |      0 |    249 |     33 |   3 |  134.0 |
       Dungeon |    402 |    402 |      0 |    249 |     33 |   3 |  134.0 |
               +--------+--------+--------+--------+--------+-----+--------+

Top non-repeatable levels by time:
     D:3: 324 daAuts
     D:4: 53 daAuts
     D:5: 24 daAuts
